TOP OF THE 1ST |
Harrisburg Senators batting - Pitching for Altoona Curve : LHP Ryan Rakoff
|
Pitching: LHP Ryan Rakoff
|
|
Batting: SHB Dan Castaneda
|
0-0: Ball 1-0: Ball 2-0: Foul Ball, location: 2F 2-1: Foul Ball, location: 2F 2-2: Foul Ball, location: 2F 2-2: Ball 3-2: Ground out 5-3 (Groundball, 56, EV 104.4 MPH)
|
Batting: RHB Nick Moreno
|
0-0: Foul Ball, location: 2F 0-1: Fly out, F8 (Flyball, 8RM, EV 94.4 MPH)
|
Batting: RHB Antonio Laurel
|
0-0: Ball 1-0: Ball 2-0: Foul Ball, location: 2F 2-1: Ball 3-1: Called Strike 3-2: Strikes out swinging
|
Top of the 1st over - 0 runs, 0 hits, 0 errors, 0 left on base; Harrisburg 0 - Altoona 0 |
BOTTOM OF THE 1ST |
Altoona Curve batting - Pitching for Harrisburg Senators : RHP Jason Beck
|
Pitching: RHP Jason Beck
|
|
Batting: RHB Chris McCoy
|
0-0: Foul Ball, location: 2F 0-1: Swinging Strike 0-2: Strikes out looking
|
Batting: LHB Phil DeCamp
|
0-0: Called Strike 0-1: Ball 1-1: Ball 2-1: Ball 3-1: Called Strike 3-2: Strikes out swinging
|
Batting: LHB Marc Carter
|
0-0: Called Strike 0-1: Foul Ball, location: 2F 0-2: SINGLE (Groundball, 5S, EV 65.6 MPH) (infield hit)
|
Batting: RHB Zach Chmieleski
|
0-0: Ball 1-0: Foul Ball, location: 2F 1-1: Ball 2-1: SINGLE (Groundball, 5D, EV 96.9 MPH) Marc Carter to second
|
Batting: RHB Jose Almonte
|
0-0: Called Strike 0-1: Ball 1-1: Foul Ball, location: 2F 1-2: Foul Ball, location: 2F 1-2: Fielders Choice at 2nd, 6-4 (Groundball, 6, EV 81.9 MPH)
|
Bottom of the 1st over - 0 runs, 2 hits, 0 errors, 2 left on base; Harrisburg 0 - Altoona 0 |
TOP OF THE 2ND |
Harrisburg Senators batting - Pitching for Altoona Curve : LHP Ryan Rakoff
|
Batting: RHB Pat Drader
|
0-0: Called Strike 0-1: Ball 1-1: Ground out 4-3 (Groundball, 4, EV 80.0 MPH)
|
Batting: RHB Paul Shell
|
0-0: Called Strike 0-1: DOUBLE (Groundball, 5L, EV 103.8 MPH)
|
Batting: RHB Bryan Wheeler
|
0-0: Ball 1-0: Called Strike 1-1: Called Strike 1-2: Strikes out swinging
|
Batting: LHB Evan Oliveri
|
0-0: Ball 1-0: Called Strike 1-1: Ball 2-1: Fly out, F8 (Flyball, 8RM, EV 85.6 MPH)
|
Top of the 2nd over - 0 runs, 1 hit, 0 errors, 1 left on base; Harrisburg 0 - Altoona 0 |
BOTTOM OF THE 2ND |
Altoona Curve batting - Pitching for Harrisburg Senators : RHP Jason Beck
|
Batting: SHB Mike Corley
|
0-0: Swinging Strike 0-1: Called Strike 0-2: Ball 1-2: Ground out 1-3 (Groundball, P, EV 65.0 MPH)
|
Batting: RHB John Goynes
|
0-0: SINGLE (Groundball, 6S, EV 68.8 MPH) (infield hit)
|
Batting: RHB Jordan Robinson
|
0-0: Ball 1-0: Ball 2-0: Ball 3-0: Base on Balls John Goynes to second
|
Batting: RHB John DeVillier
|
0-0: Ball 1-0: Swinging Strike 1-1: Foul Ball, location: 2F 1-2: Strikes out swinging
|
Batting: RHB Chris McCoy
|
0-0: Ball 1-0: Ball 2-0: Called Strike 2-1: Foul Ball, location: 2F 2-2: Strikes out looking
|
Bottom of the 2nd over - 0 runs, 1 hit, 0 errors, 2 left on base; Harrisburg 0 - Altoona 0 |
TOP OF THE 3RD |
Harrisburg Senators batting - Pitching for Altoona Curve : LHP Ryan Rakoff
|
Batting: LHB Nate Melendez
|
0-0: Ball 1-0: Ground out 6-3 (Groundball, 6, EV 85.6 MPH)
|
Batting: RHB Naofumi Ishida
|
0-0: Called Strike 0-1: Reached on error, E1 (Groundball, P, EV 67.5 MPH)
|
Batting: SHB Dan Castaneda
|
0-0: Ball Naofumi Ishida is caught stealing 2nd base 2-4 1-0: Called Strike 1-1: Foul Ball, location: 2F 1-2: Strikes out swinging
|
Top of the 3rd over - 0 runs, 0 hits, 1 error, 0 left on base; Harrisburg 0 - Altoona 0 |
BOTTOM OF THE 3RD |
Altoona Curve batting - Pitching for Harrisburg Senators : RHP Jason Beck
|
Batting: LHB Phil DeCamp
|
0-0: Swinging Strike 0-1: Ground out 4-3 (Groundball, 4, EV 95.6 MPH)
|
Batting: LHB Marc Carter
|
0-0: Swinging Strike 0-1: Ball 1-1: Foul Ball, location: 2F 1-2: Foul Ball, location: 2F 1-2: Strikes out swinging
|
Batting: RHB Zach Chmieleski
|
0-0: Called Strike 0-1: Foul Ball, location: 2F 0-2: Foul Ball, location: 2F 0-2: Foul Ball, location: 2F 0-2: Ball 1-2: Ball 2-2: Ball 3-2: Ground out 5-3 (Groundball, 56, EV 102.5 MPH)
|
Bottom of the 3rd over - 0 runs, 0 hits, 0 errors, 0 left on base; Harrisburg 0 - Altoona 0 |
TOP OF THE 4TH |
Harrisburg Senators batting - Pitching for Altoona Curve : LHP Ryan Rakoff
|
Batting: RHB Nick Moreno
|
0-0: Swinging Strike 0-1: Ball 1-1: SINGLE (Line Drive, 34, EV 108.1 MPH)
|
Batting: RHB Antonio Laurel
|
0-0: Ball 1-0: Called Strike 1-1: Ball 2-1: Ball 3-1: Base on Balls Nick Moreno to second
|
Batting: RHB Pat Drader
|
0-0: Fielders Choice at 2nd, 4-6 (Groundball, 34, EV 110.6 MPH) Nick Moreno to third
|
Batting: RHB Paul Shell
|
0-0: Ball Pat Drader steals 2nd base 1-0: SINGLE (Groundball, 6M, EV 107.5 MPH) Nick Moreno scores Pat Drader to third Runner from 3rd tries for Home, SAFE, throw by CF to home
|
Batting: RHB Bryan Wheeler
|
0-0: Foul Ball, location: 2F 0-1: Called Strike Paul Shell is caught stealing 2nd base 2-4 0-2: Foul Ball, location: 2F 0-2: Ball 1-2: Strikes out swinging
|
Top of the 4th over - 2 runs, 2 hits, 0 errors, 0 left on base; Harrisburg 2 - Altoona 0 |
BOTTOM OF THE 4TH |
Altoona Curve batting - Pitching for Harrisburg Senators : RHP Jason Beck
|
Batting: RHB Jose Almonte
|
0-0: Ball 1-0: Foul Ball, location: 2F 1-1: Fly out, F9 (Flyball, 89M, EV 73.8 MPH)
|
Batting: SHB Mike Corley
|
0-0: Ball 1-0: Swinging Strike 1-1: Swinging Strike 1-2: Foul Ball, location: 2F 1-2: Ground out 6-3 (Groundball, 56, EV 109.4 MPH)
|
Batting: RHB John Goynes
|
0-0: Ball 1-0: Foul Ball, location: 2F 1-1: Called Strike 1-2: Strikes out swinging
|
Bottom of the 4th over - 0 runs, 0 hits, 0 errors, 0 left on base; Harrisburg 2 - Altoona 0 |
TOP OF THE 5TH |
Harrisburg Senators batting - Pitching for Altoona Curve : LHP Ryan Rakoff
|
Batting: LHB Evan Oliveri
|
0-0: Ball 1-0: Fly out, F9 (Flyball, 9D, EV 110.6 MPH)
|
Batting: LHB Nate Melendez
|
0-0: Foul Ball, location: 2F 0-1: Ball 1-1: Ball 2-1: Foul Ball, location: 2F 2-2: Fly out, F9 (Flyball, 9, EV 90.6 MPH)
|
Batting: RHB Naofumi Ishida
|
0-0: Ball 1-0: Fly out, F8 (Flyball, 8RM, EV 86.2 MPH)
|
Top of the 5th over - 0 runs, 0 hits, 0 errors, 0 left on base; Harrisburg 2 - Altoona 0 |
BOTTOM OF THE 5TH |
Altoona Curve batting - Pitching for Harrisburg Senators : RHP Jason Beck
|
Batting: RHB Jordan Robinson
|
0-0: Ball 1-0: Swinging Strike 1-1: Fly out, F8 (Flyball, 78S, EV 85.6 MPH)
|
Batting: RHB John DeVillier
|
0-0: Called Strike 0-1: Swinging Strike 0-2: Ball 1-2: SINGLE (Line Drive, 7S, EV 111.9 MPH)
|
Batting: RHB Chris McCoy
|
0-0: Ball Pickoff Throw to First - Error! E1 John DeVillier to second 1-0: Ball 2-0: Swinging Strike 2-1: Ball 3-1: SINGLE (Line Drive, 4D, EV 104.4 MPH) John DeVillier to third
|
Batting: LHB Phil DeCamp
|
0-0: Ball 1-0: Foul Ball, location: 2F 1-1: Foul Ball, location: 2F 1-2: Strikes out swinging
|
Batting: LHB Marc Carter
|
0-0: Called Strike 0-1: Swinging Strike 0-2: Ball 1-2: Ball 2-2: Ball 3-2: Fly out, F8 (Flyball, 8LM, EV 88.8 MPH)
|
Bottom of the 5th over - 0 runs, 2 hits, 1 error, 2 left on base; Harrisburg 2 - Altoona 0 |
TOP OF THE 6TH |
Harrisburg Senators batting - Pitching for Altoona Curve : LHP Ryan Rakoff
|
Batting: SHB Dan Castaneda
|
0-0: Ball 1-0: Foul Ball, location: 2F 1-1: Foul Ball, location: 2F 1-2: Ground out 4-3 (Groundball, 4, EV 87.5 MPH)
|
Batting: RHB Nick Moreno
|
0-0: Ball 1-0: Ball 2-0: Ground out 6-3 (Groundball, 6, EV 83.1 MPH)
|
Batting: RHB Antonio Laurel
|
0-0: Ground out 5-3 (Groundball, 5L, EV 105.6 MPH)
|
Top of the 6th over - 0 runs, 0 hits, 0 errors, 0 left on base; Harrisburg 2 - Altoona 0 |
BOTTOM OF THE 6TH |
Altoona Curve batting - Pitching for Harrisburg Senators : RHP Jason Beck
|
Batting: RHB Zach Chmieleski
|
0-0: Ball 1-0: Swinging Strike 1-1: Called Strike 1-2: Ground out 6-3 (Groundball, 6, EV 99.4 MPH)
|
Batting: RHB Jose Almonte
|
0-0: Ball 1-0: Fly out, F8 (Flyball, 8RM, EV 78.1 MPH)
|
Batting: SHB Mike Corley
|
0-0: Foul Ball, location: 2F 0-1: Ground out 6-3 (Groundball, 6, EV 82.5 MPH)
|
Bottom of the 6th over - 0 runs, 0 hits, 0 errors, 0 left on base; Harrisburg 2 - Altoona 0 |
TOP OF THE 7TH |
Harrisburg Senators batting - Pitching for Altoona Curve : LHP Ryan Rakoff
|
Batting: RHB Pat Drader
|
0-0: Called Strike 0-1: Foul Ball, location: 2F 0-2: Foul Ball, location: 2F 0-2: Ball 1-2: Strikes out swinging
|
Batting: RHB Paul Shell
|
0-0: Ground out 5-3 (Groundball, 56S, EV 80.6 MPH)
|
Batting: RHB Bryan Wheeler
|
0-0: Fly out, F8 (Flyball, 8RXD, EV 81.9 MPH)
|
Top of the 7th over - 0 runs, 0 hits, 0 errors, 0 left on base; Harrisburg 2 - Altoona 0 |
BOTTOM OF THE 7TH |
Altoona Curve batting - Pitching for Harrisburg Senators : RHP Jason Beck
|
Pitching: LHP Kyle Bachman
|
|
Batting: RHB John Goynes
|
0-0: Foul Ball, location: 2F 0-1: Called Strike 0-2: Ball 1-2: Ball 2-2: Fly out, F8 (Flyball, 8RD, EV 90.6 MPH)
|
Batting: RHB Jordan Robinson
|
0-0: Ground out 4-3 (Groundball, 4MS, EV 71.9 MPH)
|
Batting: RHB John DeVillier
|
0-0: Ball 1-0: Called Strike 1-1: Foul Ball, location: 2F 1-2: Ground out 5-3 (Groundball, 5, EV 80.0 MPH)
|
Bottom of the 7th over - 0 runs, 0 hits, 0 errors, 0 left on base; Harrisburg 2 - Altoona 0 |
TOP OF THE 8TH |
Harrisburg Senators batting - Pitching for Altoona Curve : LHP Ryan Rakoff
|
Batting: LHB Evan Oliveri
|
0-0: Foul Ball, location: 2F 0-1: Ball 1-1: Ball 2-1: Ball 3-1: Swinging Strike 3-2: Foul Ball, location: 2F 3-2: SINGLE (Line Drive, 56D, EV 107.5 MPH)
|
Batting: LHB Nate Melendez
|
0-0: Bunt missed! 0-1: Foul Ball, location: 2F 0-2: Fly out, F8 (Flyball, 78D, EV 102.5 MPH)
|
Batting: RHB Naofumi Ishida
|
0-0: Called Strike 0-1: Ball 1-1: Ground out 4-3 (Groundball, 4S, EV 66.9 MPH) Evan Oliveri to second
|
Batting: SHB Dan Castaneda
|
0-0: Foul Ball, location: 2F 0-1: Ball 1-1: Fly out, F8 (Flyball, 8RXD, EV 90.6 MPH)
|
Top of the 8th over - 0 runs, 1 hit, 0 errors, 1 left on base; Harrisburg 2 - Altoona 0 |
BOTTOM OF THE 8TH |
Altoona Curve batting - Pitching for Harrisburg Senators : LHP Kyle Bachman
|
Batting: RHB Chris McCoy
|
0-0: Ball 1-0: Foul Ball, location: 2F 1-1: Ball 2-1: Ball 3-1: Called Strike 3-2: Ground out 6-3 (Groundball, 6, EV 105.6 MPH)
|
Batting: LHB Phil DeCamp
|
0-0: Reached on error, E1 (Groundball, 15S, EV 61.9 MPH)
|
Batting: LHB Marc Carter
|
0-0: Swinging Strike 0-1: Ball 1-1: Ball 2-1: Foul Ball, location: 2F 2-2: Ball 3-2: Strikes out swinging
|
Batting: RHB Zach Chmieleski
|
0-0: Called Strike 0-1: Foul Ball, location: 2F 0-2: Ball 1-2: Foul Ball, location: 2F 1-2: Fielders Choice at 2nd, 6-4 (Groundball, 6, EV 90.0 MPH)
|
Bottom of the 8th over - 0 runs, 0 hits, 1 error, 1 left on base; Harrisburg 2 - Altoona 0 |
TOP OF THE 9TH |
Harrisburg Senators batting - Pitching for Altoona Curve : LHP Ryan Rakoff
|
Batting: RHB Nick Moreno
|
0-0: Called Strike 0-1: Ball 1-1: Fly out, F9 (Flyball, 9, EV 98.1 MPH)
|
Batting: RHB Antonio Laurel
|
0-0: Ball 1-0: Ball 2-0: Ball 3-0: Base on Balls
|
Batting: RHB Pat Drader
|
0-0: Fly out, F9 (Line Drive, 9LM, EV 96.9 MPH)
|
Batting: RHB Paul Shell
|
0-0: Called Strike 0-1: Ball 1-1: Foul Ball, location: 2F 1-2: Ground out 5-3 (Groundball, 56S, EV 85.6 MPH)
|
Top of the 9th over - 0 runs, 0 hits, 0 errors, 1 left on base; Harrisburg 2 - Altoona 0 |
BOTTOM OF THE 9TH |
Altoona Curve batting - Pitching for Harrisburg Senators : LHP Kyle Bachman
|
Pitching: RHP Luis Astudillo
|
|
Batting: RHB Jose Almonte
|
0-0: Foul Ball, location: 2F 0-1: Ball 1-1: Ball 2-1: Called Strike 2-2: SINGLE (Line Drive, 8RS, EV 96.2 MPH)
|
Batting: SHB Mike Corley
|
0-0: Ball 1-0: Grounds into double play, 4-6-3 (Groundball, 4, EV 110.6 MPH)
|
Batting: RHB John Goynes
|
0-0: Ground out 6-3 (Groundball, 6M, EV 92.5 MPH)
|
Bottom of the 9th over - 0 runs, 1 hit, 0 errors, 0 left on base; Harrisburg 2 - Altoona 0 |
|